Map: Prion Terraces

Players

Nepherus

  • Race: Terran Terran
  • League: Gold

LilDicky - Winner!

  • Race: Terran Terran
  • League: Diamond

VOD

http://www.twitch.tv/tumescentpie

Description

Time

  • Played on: Nov. 26, 2015, 4:46 p.m.
  • Length: 8:06
Show
View Real Time Build Order
Export as new Build Order

Nepherus Terran 

Build Orders: Reaper Expand 

Get SALT Encoding   

  12  0:03  SCV  
  13  0:15  SCV  
  13  0:21  Supply Depot  
  14  0:27  SCV  
  16  0:42  SCV  
  16  0:44  Barracks  
  16  0:47  Refinery  
  16  0:55  SCV  
  17  1:07  SCV  
  18  1:19  SCV  
  19  1:32  Reaper  
  20  1:34  Orbital Command  
  20  1:45  Command Center  
  20  1:57  Supply Depot  
  20  1:59  SCV  
  21  2:04  Reaper  
  22  2:12  SCV  
  23  2:21  Refinery  
  23  2:24  SCV  
  24  2:36  SCV  
  25  2:41  Barracks Reactor  
  25  2:47  Factory  
  25  2:48  SCV  
  25  3:04  SCV  
  25  3:05  Orbital Command  
  26  3:16  SCV  
  26  3:18  Barracks  
  26  3:19  Barracks  
  27  3:27  Reaper x2  
  27  3:28  SCV  
  28  3:39  Bunker  
  22  3:59  Reaper x2  
  24  4:04  SCV x2  
  26  4:16  SCV  
  25  4:24  SCV  
  25  4:28  SCV  
  25  4:31  Reaper  
  28  4:40  SCV x2  
  28  4:44  Factory Reactor  
  30  4:52  SCV  
  30  4:56  Reaper  
  30  4:58  SCV  
  32  5:04  SCV  
  32  5:06  Reaper  
  34  5:10  SCV, Barracks Tech Lab  
  34  5:13  Barracks Reactor  
  35  5:18  SCV  
  36  5:22  SCV  
  37  5:30  SCV, Refinery  
  37  5:31  Marine x2  
  37  5:33  Refinery  
  37  5:34  SCV, Stimpack  
  37  5:35  Hellion x2  
  45  5:41  Supply Depot  
  45  5:42  Supply Depot  
  43  5:50  Engineering Bay  
  43  5:51  Engineering Bay  
  43  5:55  Reaper x2  
  39  6:06  Reaper  
  39  6:07  Reaper  
  39  6:08  SCV x2  
  43  6:15  Marauder  
  43  6:16  Hellion  
  43  6:17  Hellion  
  49  6:20  SCV x2  
  49  6:24  Supply Depot  
  49  6:25  Supply Depot  
  51  6:32  SCV x2  
  53  6:43  Marine x2  
  53  6:44  Starport  
  55  6:49  SCV x2  
  57  6:55  Marine x2  
  57  6:59  Widow Mine  
  57  7:00  Widow Mine  
  57  7:01  SCV x2  
  63  7:13  SCV, Missile Turret  
  49  7:40  Missile Turret  
  49  7:44  SCV x2, Missile Turret x2, Marine x2  
  49  7:45  Missile Turret  
Show
View Real Time Build Order
Export as new Build Order

LilDicky Terran - Winner!

Build Orders:  

Get SALT Encoding   

  12  0:01  SCV  
  13  0:13  SCV  
  14  0:18  Supply Depot  
  14  0:25  SCV  
  15  0:42  Refinery  
  15  0:43  Barracks  
  15  0:45  SCV  
  16  0:57  SCV  
  17  1:09  SCV  
  18  1:21  SCV  
  18  1:22  Barracks  
  18  1:25  Barracks  
  19  1:33  SCV  
  20  1:40  Reaper  
  20  1:41  Supply Depot  
  21  1:53  Orbital Command  
  21  2:09  Refinery  
  21  2:10  Reaper  
  21  2:12  Reaper  
  23  2:23  Reaper  
  23  2:24  SCV  
  23  2:26  Supply Depot  
  24  2:42  Reaper  
  24  2:43  SCV  
  24  2:44  Marine  
  27  2:55  Marine  
  28  3:02  Marine  
  29  3:05  Supply Depot  
  29  3:11  SCV, Factory  
  30  3:13  Supply Depot, Marine  
  30  3:14  Marine  
  32  3:33  Reaper x2  
  34  3:39  Reaper  
  35  4:05  Reaper x2  
  36  4:11  Reaper  
  35  4:20  SCV  
  35  4:22  Factory Tech Lab  
  35  4:28  Command Center  
  35  4:33  SCV  
  35  4:37  Reaper x2  
  37  4:50  Marine  
  37  4:52  Starport  
  37  4:56  SCV  
  38  5:08  Marine  
  38  5:09  Marine x2, Widow Mine  
  38  5:14  SCV  
  44  5:25  Supply Depot, Engineering Bay  
  44  5:26  SCV, Marine  
  44  5:27  Marine x2  
  48  5:30  Refinery  
  48  5:33  Refinery  
  48  5:37  Cloaking Field  
  48  5:38  Banshee, Supply Depot, SCV  
  52  5:44  Marine  
  52  5:45  Marine  
  45  6:06  Marine x3  
  45  6:24  Marine x3  
  48  6:27  Banshee  
  51  6:42  Command Center  
  51  6:46  SCV  
  55  6:50  Missile Turret  
  54  6:55  Barracks Tech Lab x2, Factory Reactor  
  54  6:58  Barracks Reactor  
  54  7:00  Orbital Command  
  52  7:07  SCV  
  39  7:46  Marine x3  
  39  7:47  Marine  
Tags
 
Add a new tag
Caveats
  • Supply blocks, unpowered buildings, or Contaminate may cause inaccurate times.
  • Supply counts are checked every 10 seconds.